 Dungeon Sprint DCSS version 0.21-a0-434-g806c6c2 (webtiles) character file.

456 theanonym the Cleaver (level 7, 22/51 HPs)
             Began as a Gargoyle Fighter on Nov 9, 2017.
             Quit the game in the Dungeon (Sprint V: "Ziggurat Sprint").
             The game lasted 00:02:04 (97 turns).

theanonym the Cleaver (Gargoyle Fighter)              Turns: 97, Time: 00:02:05

Health: 22/51      AC: 24    Str: 39    XL:     7   Next: 6%
Magic:  7/7        EV:  0    Int:  8    God:
Gold:   0          SH: 29    Dex:  9    Spells: 6/6 levels left

rFire    + . .     SeeInvis +   G - +14 obsidian axe {chop, +Fly SInv *Curse} (curse)
rCold    + . .     Gourm    .   I - +18 shield of the Gong {rElec rN+ MR+ EV-5}
rNeg     + + .     Faith    .   g - +5 gold dragon scales
rPois    ∞         Spirit   .   (no helmet)
rElec    +         Reflect  .   (no cloak)
rCorr    .         Harm     .   (no gloves)
MR       +....     NoTele   +   (no boots)
Stlth    ..........             (no amulet)
HPRegen  0.17/turn              E - +6 ring of strength
MPRegen  0.10/turn              F - +6 ring of strength

@: mighty, mesmerised
A: negative energy resistance 1, electricity resistance, unbreathing,
petrification resistance, rot immunity, AC +4
a: Evoke Flight


Innate Abilities, Weirdness & Mutations

You are resistant to torment.
Your stone body is resilient. (AC +4)
You are immune to poison.
You resist negative energy. (rN+)
You are resistant to electric shocks. (rElec)
You can survive without breathing.
You are immune to petrification.
You are immune to rotting.


   Skills:
 + Level 9.6 Fighting
 * Level 10.7 Axes
 - Level 4.8 Armour
 - Level 4.9 Shields


You had 6 spell levels left.
You didn't know any spells.

Skill      XL: |  1  2  3  4  5  6 |
---------------+-------------------+-----
Fighting       | 4 5 8 9 |  9.6
Axes           | 4 5 9 10 | 10.7
Armour         | 4 |  4.8
Shields        | 4 |  4.9

Action                   |  1- 3 |  4- 6 |  7- 9 || total
-------------------------+-------+-------+-------++-------
Melee: Broad axe         |     6 |     2 |       ||     8
  Use: Potion            |     2 |       |       ||     2
Armor: Gold dragon scale |     1 |     1 |       ||     2
Block: Shield            |    19 |     4 |     1 ||    24

Inventory:

Hand Weapons
 a - a +0 war axe
 G - the cursed +14 obsidian axe (weapon) {chop, +Fly SInv *Curse}
   (You found it in the Dungeon)

   It inflicts extra damage upon your enemies.
   It lets you see invisible.
   It lets you fly.
   It curses itself when equipped.
   It has a curse placed upon it.
Armour
 c - a +0 shield
 g - +5 gold dragon scales (worn)
   (You found it in the Dungeon)
 k - a +0 scale mail
 H - the +15 Maxwell's patent armour {-Cast -Tele rElec MR+ rCorr}
   (You found it in the Dungeon)

   It insulates you from electricity.
   It affects your resistance to hostile enchantments.
   It prevents spellcasting.
   It prevents most forms of teleportation.
   It protects you from acid and corrosion.
 I - the +18 shield of the Gong (worn) {rElec rN+ MR+ EV-5}
   (You found it in the Dungeon)

   It affects your evasion (-5).
   It insulates you from electricity.
   It protects you from negative energy.
   It affects your resistance to hostile enchantments.
Jewellery
 E - a +6 ring of strength (left hand)
   (You found it in the Dungeon)
 F - a +6 ring of strength (right hand)
   (You found it in the Dungeon)
Wands
 y - a wand of acid (5/15)
   (You found it in the Dungeon)
 B - a wand of disintegration (7/24)
   (You found it in the Dungeon)
 C - a wand of iceblast (5/15)
   (You found it in the Dungeon)
 D - a wand of lightning (5/15)
   (You found it in the Dungeon)
Scrolls
 b - 4 scrolls of blinking
 f - 7 scrolls of fog {!r}
 n - 4 scrolls of amnesia
 o - 2 scrolls of fear {!r}
 r - 5 scrolls of identify
 s - a scroll of holy word
 t - 3 scrolls of recharging
 u - 5 scrolls of remove curse
Potions
 d - 5 potions of might
 e - 10 potions of curing
 h - 6 potions of haste
 i - 7 potions of magic
 j - 3 potions of berserk rage
 q - 10 potions of heal wounds
 v - 5 potions of agility
 w - 2 potions of brilliance
 z - 2 potions of invisibility
 A - 4 potions of resistance
Miscellaneous
 x - a phantom mirror
Comestibles
 l - 42 fruits
 m - 4 meat rations
 p - 5 bread rations

Dungeon Overview and Level Annotations

Branches:
Dungeon (1/1)

Altars:
Ashenzari
Cheibriados
Dithmenos
Elyvilon
Fedhas
Gozag
Hepliaklqana
Kikubaaqudgha
Makhleb
Nemelex Xobeh
Okawaru
Qazlal
Ru
Sif Muna
Trog
Uskayaw
Vehumet
Wu Jian
Xom
Yredelemnul
Zin
The Shining One
Beogh
Jiyva
Lugonu

Annotations:
D 1 transporter You were in the Dungeon. You were not hungry. You visited 1 branch


Message History

Welcome to arena 2.
You enter the transporter and appear at another place. 3 merfolk come into view.
Visions of slaying the merfolk flood into your mind.
The merfolk shouts! x2
The merfolk throws a tomahawk.
GONNNNG!
You block the tomahawk.
The merfolk unwields an uncursed trident.
The merfolk drops an uncursed trident.
The merfolk picks up a +2 quarterstaff of crushing.
The merfolk wields a +2 quarterstaff of crushing.
The merfolk throws a tomahawk.
GONNNNG!
You block the tomahawk.
Found four items.
Found a transporter.
The merfolk throws a tomahawk.
BOUMMMMG!
You block the tomahawk.
You see here a tomahawk.
Visions of slaying the merfolk flood into your mind.
You block the merfolk's attack.
GONNNNG!
You slice the merfolk!!
Visions of slaying the merfolk flood into your mind.
You block the merfolk's attack.
BONNNG!
You block the merfolk's attack.
PTOANNNG!
You block the merfolk's attack.
GONNNNG!
You hit the merfolk. You block the merfolk's attack.
PANG!
You block the merfolk's attack.
BONNNG!
You block the merfolk's attack.
SHROANNG!
You block the merfolk's attack.
GONNNNG!
The merfolk hits you with a +2 quarterstaff of crushing!
You take 10 damage, and have 17/27 hp.
MASSIVE DAMAGE!!
You closely miss the merfolk. You block the merfolk's attack.
GONNNNG!
You block the merfolk's attack.
BOUMMMMG!
The merfolk hits you from afar with a trident.
You take 2 damage, and have 15/27 hp.
You slash the merfolk! You block the merfolk's attack.
SHROANNG!
You block the merfolk's attack.
PTOANNNG!
The merfolk hits you from afar with a trident.
* * * LOW HITPOINT WARNING * * *
You take 3 damage, and have 12/27 hp.
Visions of slaying the merfolk flood into your mind.
You block the merfolk's attack.
BONNNG!
You block the merfolk's attack.
PTOANNNG!
The merfolk hits you but does no damage.
You slice the merfolk!! You barely miss the merfolk. You slice the merfolk!!
You kill the merfolk!
Your Fighting skill gained 3 levels and is now at level 8!
Your Axes skill gained 4 levels and is now at level 9!
You have reached level 4!
You feel stronger.
You have reached level 5!
You have reached level 6!
Your experience leads to an increase in your attributes!
Your base attributes are Str 21, Int 8, Dex 9.
Increase (S)trength, (I)ntelligence, or (D)exterity?
You feel stronger.
Visions of slaying the merfolk flood into your mind.
You block the merfolk's attack.
BOUMMMMG!
You block the merfolk's attack.
GONNNNG!
The merfolk hits you with a trident.
* * * LOW HITPOINT WARNING * * *
You regained 7 hp, and now have 19/45 hp.
MP restored: 6 You hit the merfolk.
You closely miss the merfolk.
Visions of slaying the merfolk flood into your mind.
You block the merfolk's attack.
GONNNNG!
You block the merfolk's attack.
BOUMMMMG!
The merfolk hits you but does no damage.
You slice the merfolk!! You slash the merfolk! You open a gate to Pandemonium!
A demon appears!
You are no longer entranced.
You kill the merfolk!
Your Fighting skill increases to level 9!
Your Axes skill increases to level 10!
You have reached level 7!
Visions of slaying the merfolk flood into your mind.
You block the merfolk's attack.
SHROANNG!
You regained 3 hp, and now have 22/51 hp.
MP restored: 7

▓▓▓▓▓▓▓▓▓▓▓▓▓
▓.8©8.▓.8©8.▓
▓.:)|.▓.....▓
▓..)m.▓...:.▓
▓..)@.▓.....▓
▓.....▓.....▓
▓..(3.▓..©..▓
▓..©..▓▓▓▓▓▓▓
▓▓▓▓▓▓▓


You could see a merfolk and a friendly neqoxec.

Notes
Turn   | Place    | Note
-------+----------+-------------------------------------------
     0 | D        | Found the +6 Majin-Bo {vamp, Archmagi MP+6 Int+6}
     0 | D        | Found the +7 great mace "Firestarter" {inner flame, rF++}
     0 | D        | theanonym the Gargoyle Fighter began the quest for the Orb.
     0 | D        | Reached XP level 1. HP: 14/14 MP: 1/1
     3 | D        | Found a blossoming altar of Fedhas.
     4 | D        | Found a viscous altar of Jiyva.
     4 | D        | Found a hazy altar of Hepliaklqana.
     4 | D        | Found a transporter.
     4 | D        | Found an opulent altar of Gozag.
     4 | D        | Found an ancient bone altar of Kikubaaqudgha.
     4 | D        | Found a corrupted altar of Lugonu.
     7 | D        | Found a burning altar of Makhleb.
     8 | D        | Found a sacrificial altar of Ru.
     8 | D        | Found a stormy altar of Qazlal.
     8 | D        | Found a deep blue altar of Sif Muna.
     8 | D        | Found an iron altar of Okawaru.
     8 | D        | Found a bloodstained altar of Trog.
     8 | D        | Found a sparkling altar of Nemelex Xobeh.
    27 | D        | Found the +9 heavy crossbow "Sniper" {velocity, Acc+∞ SInv}
    27 | D        | Found the +10 dark maul {crush}
    27 | D        | Found the +15 Maxwell's patent armour {-Cast -Tele rElec MR+ rCorr}
    27 | D        | Found the +18 shield of the Gong {rElec rN+ MR+ EV-5}
    27 | D        | Found the cursed +14 obsidian axe {chop, +Fly SInv *Curse}
    60 | D        | Reached skill level 4 in Fighting
    60 | D        | Reached skill level 4 in Axes
    60 | D        | Reached skill level 4 in Armour
    60 | D        | Reached skill level 4 in Shields
    60 | D        | Reached XP level 2. HP: 20/20 MP: 2/2
    76 | D        | Entered arena 2.
    76 | D        | Noticed a crimson imp
    76 | D        | Found a transporter.
    78 | D        | Killed a crimson imp
    78 | D        | Reached skill level 5 in Fighting
    78 | D        | Reached skill level 5 in Axes
    78 | D        | Reached XP level 3. HP: 27/27 MP: 3/3
    86 | D        | Entered arena 3.
    86 | D        | Noticed a merfolk
    86 | D        | Noticed a merfolk
    86 | D        | Noticed a merfolk
    86 | D        | Found a transporter.
    92 | D        | HP: 12/27 [merfolk/trident (3)]
    94 | D        | Killed a merfolk
    94 | D        | Reached skill level 8 in Fighting
    94 | D        | Reached skill level 9 in Axes
    94 | D        | Reached XP level 4. HP: 16/36 MP: 4/4
    94 | D        | Reached XP level 5. HP: 18/40 MP: 5/5
    94 | D        | Reached XP level 6. HP: 20/45 MP: 6/6
    96 | D        | Killed a merfolk
    96 | D        | Reached skill level 9 in Fighting
    96 | D        | Reached skill level 10 in Axes
    96 | D        | Reached XP level 7. HP: 22/51 MP: 7/7
    97 | D        | Quit the game

Vanquished Creatures
  2 merfolk (D)
  A crimson imp (D)
  A quokka skeleton (D)
4 creatures vanquished.
